Map: Lerilak Crest

Players

Pumped - Winner!

  • Race: Terran Terran
  • League: Platinum

LilDicky

  • Race: Terran Terran
  • League: Diamond

VOD

http://www.twitch.tv/tumescentpie

Description

Time

  • Played on: Nov. 26, 2015, 11:16 p.m.
  • Length: 6:14
Show
View Real Time Build Order
Export as new Build Order

Pumped Terran - Winner!

Build Orders:  

Get SALT Encoding   

  12  0:01  SCV  
  13  0:13  SCV  
  14  0:17  Supply Depot  
  14  0:25  SCV  
  15  0:39  SCV  
  15  0:41  Barracks  
  16  0:47  Refinery  
  16  0:51  SCV  
  17  1:03  SCV, Refinery  
  18  1:15  SCV  
  19  1:25  Barracks  
  19  1:27  SCV  
  19  1:30  Reaper  
  21  1:36  Supply Depot  
  21  1:40  SCV  
  22  1:56  Barracks  
  22  2:03  Reaper  
  23  2:12  SCV  
  23  2:13  Reaper  
  25  2:18  Barracks  
  25  2:35  Reaper  
  26  2:37  Orbital Command  
  26  2:43  Reaper  
  27  2:46  Reaper  
  28  3:05  Barracks  
  28  3:07  Reaper  
  28  3:09  Supply Depot  
  28  3:10  Reaper  
  30  3:15  Reaper  
  30  3:18  Reaper  
  32  3:39  Reaper  
  33  3:42  Reaper  
  33  3:48  Reaper  
  35  3:49  Supply Depot  
  35  3:50  Reaper  
  37  3:55  Reaper  
  37  3:59  Barracks  
  37  4:11  Reaper  
  37  4:14  Reaper  
  39  4:20  Reaper  
  40  4:27  Marine x2  
  39  4:43  Marine  
  39  4:45  Marine x2  
  40  4:46  Marine  
  40  4:51  Marine  
  42  5:00  Reaper  
  42  5:01  Marine  
  42  5:03  Marine x2  
  42  5:04  Marine  
  45  5:09  Marine  
  45  5:18  Marine  
  45  5:21  Marine x2  
  46  5:22  Marine  
  46  5:27  Marine  
  42  5:31  Marine  
  40  5:36  Marine  
  40  5:38  Marine  
  40  5:39  Marine  
  40  5:40  Marine  
  42  5:45  Marine  
  42  5:49  Marine  
  43  5:54  Marine  
  44  6:03  Command Center  
Show
View Real Time Build Order
Export as new Build Order

LilDicky Terran 

Build Orders: Banshee Rush 

Get SALT Encoding   

  12  0:01  SCV  
  13  0:13  SCV  
  14  0:25  SCV  
  14  0:27  Supply Depot  
  15  0:34  Refinery  
  15  0:49  SCV  
  16  0:52  Barracks  
  16  1:02  SCV  
  17  1:14  SCV  
  18  1:22  Supply Depot  
  18  1:28  SCV  
  19  1:39  Reaper  
  20  1:40  Orbital Command  
  20  1:47  Refinery  
  20  1:59  Factory  
  20  2:05  SCV  
  21  2:17  Reaper  
  21  2:18  SCV  
  22  2:30  SCV  
  23  2:41  Supply Depot  
  23  2:44  Factory Tech Lab  
  23  2:46  Starport  
  23  2:51  Marine  
  23  2:54  Command Center  
  24  2:58  SCV  
  25  3:15  SCV  
  25  3:18  Supply Depot  
  26  3:23  Widow Mine  
  28  3:38  Banshee, Cloaking Field  
  31  3:41  SCV  
  31  3:42  Marine  
  33  4:01  SCV  
  33  4:02  Marine  
  35  4:03  Factory Tech Lab  
  26  4:34  Banshee, Siege Tank  
  32  4:40  Orbital Command  
  18  5:02  SCV  
  18  5:06  Marine  
  18  5:07  Siege Tank  
  23  5:15  Orbital Command  
  18  5:33  SCV  
  13  5:46  SCV  
  14  6:01  SCV  
Tags
 
Add a new tag
Caveats
  • Supply blocks, unpowered buildings, or Contaminate may cause inaccurate times.
  • Supply counts are checked every 10 seconds.